 Dungeon Crawl Stone Soup version 0.13.1 (webtiles) character file.

2391 Chiseanne the Ducker (level 9, -1/63 HPs)
             Began as a Vampire Artificer on Nov 28, 2013.
             Slain by an orc warrior
             ... wielding a +0,+0 orcish scimitar
              (19 damage)
             ... on Level 7 of the Dungeon.
             The game lasted 00:29:42 (7617 turns).

Chiseanne the Ducker (Vampire Artificer)            Turns: 7617, Time: 00:29:42

HP  -1/63        AC 12     Str 15      XL: 9   Next: 10%
MP  18/18        EV  6     Int 14      God:
Gold 234         SH  0     Dex 14      Spells:  0 memorised,  8 levels left

Res.Fire  : . . .   See Invis. : +   k - +1,+0 dagger (elec)
Res.Cold  : . . .   Warding    : .   q - +0 dwarf chain mail (curse)
Life Prot.: + . .   Conserve   : .   (no shield)
Res.Poison: .       Res.Corr.  : .   (no helmet)
Res.Elec. : .       Clarity    : .   t - +0 orc cloak
Sust.Abil.: . .     Spirit.Shd : .   (no gloves)
Res.Mut.  : .       Stasis     : .   (no boots)
Res.Rott. : .       Flight     : .   (no amulet)
Saprovore : . . .                    m - +2 ring of strength
                                     p - ring of positive energy

@: regenerating quickly, mildly poisoned, somewhat resistant to hostile
enchantments, extremely unstealthy
A: bottle blood, fangs 3, see invisible, unbreathing
a: Bottle Blood


You were on level 7 of the Dungeon.
You were full.

You visited 2 branches of the dungeon, and saw 8 of its levels.

You collected 214 gold pieces.

Inventory:

Hand weapons
 k - a +1,+0 dagger of electrocution (weapon)
 r - a +0,+0 club
 v - a -1,+1 orcish flail of draining
 A - a +0,+0 dire flail
Missiles
 h - 13 steel darts (quivered)
Armour
 q - a cursed +0 dwarven chain mail (worn)
 t - a +0 orcish cloak (worn)
 C - a +1 orcish plate armour of cold resistance
Magical devices
 b - a wand of flame (0)
 c - a wand of enslavement (0)
 d - a wand of random effects (0)
 n - a wand of magic darts (14)
 y - a wand of lightning (0)
 z - a wand of flame (0)
Comestibles
 f - 3 bread rations
 j - a pear
 D - a choko
 E - a cheese
Scrolls
 e - 2 scrolls of fear
 u - 2 scrolls of teleportation
 w - a scroll of magic mapping
 B - a scroll of blinking
 F - a scroll of identify
Jewellery
 m - a +2 ring of strength (right hand)
 p - a ring of positive energy (left hand)
 s - an uncursed ring of ice
 x - an uncursed ring of hunger {unknown}
Potions
 a - 4 potions of blood
 g - 2 potions of might
 i - 4 potions of curing
 l - 2 potions of restore abilities
 o - a potion of heal wounds


   Skills:
 * Level 3.1 Fighting
 * Level 4.1 Short Blades
 * Level 5.7 Armour
 * Level 7.3 Dodging
 - Level 1.5 Stealth
 * Level 5.9 Evocations


You had 8 spell levels left.
You didn't know any spells.

Dungeon Overview and Level Annotations

Branches:
Dungeon (7/27)             Temple (1/1) D:4             Orc (0/4) D:7

Altars:
Ashenzari
Cheibriados
Elyvilon
Fedhas
Kikubaaqudgha
Makhleb
Nemelex Xobeh
Okawaru
Sif Muna
Trog
Vehumet
Xom
Yredelemnul
Zin
the Shining One


Innate Abilities, Weirdness & Mutations

Your natural rate of healing is unusually fast.
You can bottle blood from corpses.
You have razor-sharp teeth.*
You have supernaturally acute eyesight.
You can survive without breathing.*


Message History

The orc warrior is lightly wounded.
You barely miss the orc warrior.
The orc warrior is lightly wounded.
The orc warrior hits you with an orcish scimitar!
You barely miss the orc warrior.
You bite the orc warrior, but do no damage.
The orc warrior is lightly wounded.
You feel sick.
The orc warrior hits you with an orcish scimitar!
Your chain mail prevents you from hitting the orc warrior.
The orc warrior is lightly wounded.
You hit the orc warrior but do no damage.
There is a sudden explosion of sparks!
The orc warrior is almost dead.
The orc warrior hits you with an orcish scimitar!
* * * LOW HITPOINT WARNING * * *
You hit the orc warrior but do no damage.
The orc warrior is almost dead.
The orc warrior hits you with an orcish scimitar!
You die...

#.#####################.##### #.#
##...#####.# #.# #.#.#...##.#
#.##### ###.....#.##.# #.)...###
#..#.#.#.....#
####.....####.#.....#....#####
#.....8.....#...#.#......##...
##...........#......########...
##.............@...### #...
#..8....>....8.o...##########...
#...............................
...#.......)...#.....>%....o.....
.##.....8.....#....#########....
####.....######### #.#.# ###..)#
#.#.# ###.# #.#.# #####.####...
#.#.#


You could see an orc warrior.

Vanquished Creatures
  4 ice beasts
  A giant goldfish (D:6)
  2 orc warriors (D:7)
  2 ogres
  A phantom (D:5)
  2 sky beasts (D:5)
  2 centaurs (D:6)
  A water moccasin (D:7)
  Blork the orc (D:7)
  2 giant frogs
  An electric eel (D:6)
  A hound (D:6)
  A crimson imp (D:6)
  A giant frog zombie (D:6)
  3 iguanas
  3 orc priests
  4 orc wizards
  4 worker ants
  A scorpion (D:5)
  Ijyb (D:3)
  A hound zombie (D:6)
  A hound skeleton (D:4)
  4 gnolls (D:5)
  8 adders
  A giant mite (D:5)
  A worm (D:6)
  An iguana skeleton (D:4)
  2 adder skeletons (D:4)
  A giant eyeball (D:5)
  3 oozes
  2 giant geckos
  17 orcs
  4 ball pythons
  15 hobgoblins
  9 jackals
  9 kobolds
  2 quokkas
  9 bats
  2 giant cockroaches
  3 giant newts
  14 goblins
  A goblin skeleton (D:5)
  21 rats
169 creatures vanquished.

Vanquished Creatures (collateral kills)
  An orc priest (D:3)
  An orc (D:3)
  A bat (D:3)
  A hobgoblin (D:4)
  3 jackals
  2 kobolds (D:4)
  A rat (D:3)
10 creatures vanquished.

Vanquished Creatures (others)
  2 plants (D:6)
2 creatures vanquished.

Grand Total: 181 creatures vanquished

Notes
Turn   | Place    | Note
--------------------------------------------------------------
     0 | D:1      | Chiseanne, the Vampire Artificer, began the quest for the Orb.
     0 | D:1      | Reached XP level 1. HP: 16/16 MP: 2/2
   400 | D:1      | Reached skill level 3 in Evocations
   543 | D:1      | Reached XP level 2. HP: 17/22 MP: 4/4
   563 | D:1      | Reached skill level 1 in Fighting
  1522 | D:2      | Reached XP level 3. HP: 25/27 MP: 5/5
  1537 | D:2      | Reached skill level 1 in Armour
  2557 | D:3      | Reached XP level 4. HP: 31/33 MP: 7/7
  2567 | D:3      | HP: 1/33 [orc priest/divine providence (9)]
  2575 | D:3      | HP: 1/33 [orc priest/divine providence (12)]
  2751 | D:3      | Noticed Ijyb
  2758 | D:3      | Killed Ijyb
  3325 | D:3      | Reached XP level 5. HP: 32/38 MP: 8/8
  3557 | D:4      | Noticed an ogre
  3583 | D:4      | Killed an ogre
  3583 | D:4      | Reached skill level 4 in Dodging
  3971 | D:4      | Reached XP level 6. HP: 45/45 MP: 10/10
  4216 | D:4      | Found a staircase to the Ecumenical Temple.
  4234 | Temple   | Entered the Ecumenical Temple
  4644 | D:5      | Entered Level 5 of the Dungeon
  4984 | D:5      | Reached skill level 5 in Dodging
  4999 | D:5      | Reached XP level 7. HP: 25/50 MP: 13/13
  6072 | D:6      | Reached skill level 5 in Evocations
  6072 | D:6      | Reached XP level 8. HP: 17/57 MP: 15/15
  6397 | D:6      | Reached skill level 6 in Dodging
  6441 | D:6      | Found a bloodstained altar of Trog.
  7069 | D:6      | Reached skill level 5 in Armour
  7197 | D:7      | Noticed Blork the orc
  7200 | D:7      | Killed Blork the orc
  7209 | D:7      | Reached skill level 7 in Dodging
  7389 | D:7      | Reached XP level 9. HP: 44/63 MP: 18/18
  7432 | D:7      | Found a shattered altar of Ashenzari.
  7460 | D:7      | Found a staircase to the Orcish Mines.
  7617 | D:7      | Slain by an orc warrior

Action                   |  1- 3 |  4- 6 |  7- 9 || total
-------------------------+-------+-------+-------++-------
Melee: Short sword       |   130 |       |       ||   130
       Dagger            |    33 |   199 |   257 ||   489
Throw: Dart              |       |       |     2 ||     2
 Abil: Bottle Blood      |       |     7 |     4 ||    11
Evoke: Wand              |     8 |    29 |    23 ||    60
  Use: Scroll            |     3 |     9 |     7 ||    19
       Potion            |       |     4 |     8 ||    12
 Stab: Sleeping          |     1 |     1 |       ||     2
       Paralysed         |       |     3 |       ||     3
       Invisible         |       |       |     2 ||     2
